[Event "Titled Tuesday Blitz August 09 Late 2022"]
[White "Mahdavi, Reza"]
[Black "Adewumi, Tanitoluwa"]
[WhiteFideId "12595926"]
[BlackFideId "30966396"]
[WhiteElo "2226"]
[BlackElo "2519"]
[Result "1-0"]
[Round "06"]
[TimeControl "180+1"]
[Date "2022.08.09"]
[WhiteClock "0:01:12"]
[BlackClock "0:00:01"]

1. e4 c5 2. d4 cxd4 3. c3 dxc3 4. Nxc3 Nc6 5. Nf3 e6 6. Bc4 Bb4 7. O-O Nge7 8. Nb5 d5 9. Bf4 O-O 10. Nc7 dxc4 11. Nxa8 b5 12. Nc7 a6 13. a4 Ng6 14. Bg3 e5 15. Qxd8 Rxd8 16. axb5 axb5 17. Nxb5 Bg4 18. Rfd1 Rb8 19. Na7 Nxa7 20. Rxa7 h5 21. Nxe5 Bxd1 22. Nxg6 Re8 23. Ne5 h4 24. Bf4 g5 25. Nd7 Rxe4 26. Nf6+ Kg7 27. Nxe4 gxf4 28. Rc7 Bb3 29. Rb7 Be1 30. Nd6 Ba5 31. Rxf7+ Kg6 32. Rxf4 Bb4 33. Nxc4 Kg5 34. Rd4 Kf5 35. Ne3+ 1-0


[Site "https://www.chess.com"]

[Event "Titled Tuesday Blitz August 09 Late 2022"]
[White "Mardov, Dimitar"]
[Black "Andreikin, Dmitry"]
[WhiteFideId "30919495"]
[BlackFideId "4158814"]
[WhiteElo "2185"]
[BlackElo "2736"]
[Result "0-1"]
[Round "06"]
[TimeControl "180+1"]
[Date "2022.08.09"]
[WhiteClock "0:00:03"]
[BlackClock "0:00:14"]

1. d4 Nf6 2. c4 e6 3. Nf3 d5 4. Nc3 a6 5. Bg5 dxc4 6. a4 Nc6 7. e3 Na5 8. Nd2 Bb4 9. Nxc4 Qd5 10. Bxf6 Nxc4 11. Qe2 Nxe3 12. fxe3 gxf6 13. Qf2 Qb3 14. Rc1 Bd7 15. Bd3 O-O-O 16. O-O f5 17. e4 Rhg8 18. exf5 Bc6 19. Be4 Bxe4 20. Nxe4 exf5 21. Qxf5+ Kb8 22. Qf4 Ba5 23. Nc5 Qd5 24. Qf3 Bd2 25. Qxd5 Rxd5 26. Rc2 Be3+ 27. Kh1 Bxd4 28. Nb3 Bb6 29. g3 f5 30. Kg2 a5 31. Nd2 Bc5 32. Nc4 b6 33. Re2 Rd4 34. b3 f4 35. Ne5 Kb7 36. g4 Bd6 37. h3 h5 38. Kf3 hxg4+ 39. hxg4 Rh8 40. g5 Rh3+ 41. Kg4 f3+ 42. Kxh3 fxe2 43. Re1 Bxe5 44. Rxe2 Bg7 45. Re7 Bf8 46. Rf7 Bd6 47. g6 Rd3+ 48. Kg4 Rxb3 49. Kf5 Rf3+ 50. Ke6 Rxf7 51. Kxf7 Be5 52. Ke6 Ba1 0-1


[Site "https://www.chess.com"]

[Event "Titled Tuesday Blitz August 09 Late 2022"]
[White "Matinian, Nikita"]
[Black "Ibarra Jerez, Jose Carlos"]
[WhiteFideId "24129100"]
[BlackFideId "2226332"]
[WhiteElo "2422"]
[BlackElo "2628"]
[Result "0-1"]
[Round "06"]
[TimeControl "180+1"]
[Date "2022.08.09"]
[WhiteClock "0:00:03"]
[BlackClock "0:00:09"]

1. e4 e6 2. d4 d5 3. Nc3 Nf6 4. Bg5 dxe4 5. Nxe4 Be7 6. Bxf6 gxf6 7. Nf3 f5 8. Nc3 a6 9. g3 b5 10. Bg2 Bb7 11. O-O c5 12. a4 cxd4 13. Nxd4 Bxg2 14. Kxg2 b4 15. Qf3 Ra7 16. Nce2 O-O 17. c3 bxc3 18. bxc3 Qc8 19. Rab1 Rc7 20. Rfd1 Nd7 21. Qe3 Bf6 22. Nf3 Qa8 23. Kg1 Rfc8 24. Nfd4 Ne5 25. Rb3 Qe4 26. Qxe4 fxe4 27. Kg2 Rc4 28. a5 Ra4 29. Rdb1 Rxa5 30. Rb8 Rc5 31. Rxc8+ Rxc8 32. Rb7 Ra8 33. Nf4 a5 34. Nh5 Bh8 35. Nb5 Nc4 36. Rc7 Nb6 37. Nd6 Be5 0-1


[Site "https://www.chess.com"]

[Event "Titled Tuesday Blitz August 09 Late 2022"]
[White "Nakamura, Hikaru"]
[Black "Harvey, Marcus R"]
[WhiteFideId "2016192"]
[BlackFideId "400092"]
[WhiteElo "2850"]
[BlackElo "2485"]
[Result "1-0"]
[Round "06"]
[TimeControl "180+1"]
[Date "2022.08.09"]
[WhiteClock "0:01:30"]
[BlackClock "0:00:10"]

1. g3 d5 2. Bg2 Nf6 3. d3 c6 4. Nd2 g6 5. e4 Bg7 6. Ngf3 O-O 7. O-O dxe4 8. dxe4 Na6 9. e5 Nd5 10. Re1 Bg4 11. h3 Bxf3 12. Nxf3 Ndc7 13. Qe2 Ne6 14. Be3 Nb4 15. h4 Nd5 16. Bd2 Qb6 17. c4 Nb4 18. Be3 Qc7 19. Bh3 Bxe5 20. Bxe6 fxe6 21. Bh6 Bg7 22. Bxg7 Kxg7 23. Ng5 Rf6 24. Nxe6+ Rxe6 25. Qxe6 Nc2 26. Red1 Rd8 27. Rxd8 Qxd8 28. Qe5+ Kf7 29. Rf1 Nd4 30. Kg2 Nf5 31. Re1 Qd7 32. Qh8 h5 33. Qe5 Qd3 34. b3 Qd2 35. Qe6+ Kg7 36. Qe2 Qb4 37. Rd1 Qc5 38. Rd7 Kf7 39. Rxb7 Qd4 40. Qf3 a5 41. Rc7 1-0


[Site "https://www.chess.com"]

[Event "Titled Tuesday Blitz August 09 Late 2022"]
[White "Naroditsky, Daniel"]
[Black "Muradli, Mahammad"]
[WhiteFideId "2026961"]
[BlackFideId "13409301"]
[WhiteElo "2628"]
[BlackElo "2611"]
[Result "1-0"]
[Round "06"]
[TimeControl "180+1"]
[Date "2022.08.09"]
[WhiteClock "0:00:18"]
[BlackClock "0:00:02"]

1. e4 c5 2. Nf3 d6 3. Bb5+ Nc6 4. O-O Nf6 5. Re1 e5 6. c3 Bd7 7. d4 Be7 8. dxc5 dxc5 9. Bg5 O-O 10. Nbd2 Qc7 11. Nc4 Be6 12. Qe2 h6 13. Bh4 Nh5 14. Bxe7 Bxc4 15. Bxc4 Nxe7 16. g3 Nf6 17. Nd2 Rad8 18. Nf1 Rd7 19. Rad1 Rfd8 20. f3 a6 21. a4 Qc6 22. Rxd7 Rxd7 23. b3 h5 24. Ne3 h4 25. Kg2 Nh5 26. Kf2 Qg6 27. Ng4 Qd6 28. Qe3 Ng6 29. Re2 hxg3+ 30. hxg3 Qd1 31. Qg5 Qh1 32. Qxg6 Qh3 33. Bxf7+ Rxf7 34. Nh6+ Kh8 35. Nxf7+ Kg8 36. Nxe5 Qh2+ 37. Ke1 Qg1+ 38. Kd2 Nxg3 39. Ng4 Nf1+ 40. Kc2 1-0


[Site "https://www.chess.com"]

[Event "Titled Tuesday Blitz August 09 Late 2022"]
[White "Pakleza, Zbigniew"]
[Black "Salem, A.R. Saleh"]
[WhiteFideId "1119290"]
[BlackFideId "9301348"]
[WhiteElo "2411"]
[BlackElo "2674"]
[Result "1/2-1/2"]
[Round "06"]
[TimeControl "180+1"]
[Date "2022.08.09"]
[WhiteClock "0:00:08"]
[BlackClock "0:00:10"]

1. d4 d5 2. Bf4 e6 3. e3 c5 4. c3 Nc6 5. Nd2 cxd4 6. cxd4 Bd6 7. Bxd6 Qxd6 8. Ngf3 Nge7 9. Bd3 O-O 10. Rc1 Bd7 11. O-O Nb4 12. Bb1 Bb5 13. Re1 Nd3 14. Bxd3 Bxd3 15. Qb3 Ba6 16. Rc3 Rfc8 17. Rec1 Rxc3 18. Rxc3 Nc6 19. Qc2 h6 20. a3 Rd8 21. h3 Be2 22. Qc1 Qe7 23. Qe1 Bb5 24. Nb3 b6 25. Qc1 Qd6 26. Nbd2 Ne7 27. Ne5 f6 28. Nd3 Bxd3 29. Rxd3 Rc8 30. Rc3 Rc6 31. Rxc6 Nxc6 32. Qc3 Kf7 33. b4 Qd7 34. Nb3 Ne7 35. Kf1 Nf5 36. Ke2 h5 37. Qd3 Qa4 38. Nd2 h4 39. e4 dxe4 40. Nxe4 Qc6 41. f3 Qd5 42. Nc3 Qxd4 43. Qxd4 Nxd4+ 44. Kd3 e5 45. Kc4 Ke6 46. a4 f5 47. a5 bxa5 48. bxa5 Kd6 49. f4 Nc6 50. fxe5+ Kxe5 51. Kb5 Nb8 52. Kc5 g5 53. Nd5 g4 54. Ne3 g3 55. Nf1 f4 56. Nd2 Na6+ 57. Kb5 Nb8 58. Nf3+ Ke4 59. Nxh4 Ke3 60. Kc5 Kf2 61. Kd5 Ke3 62. Nf5+ Kf2 63. Nh4 Ke3 64. Nf5+ Ke2 65. Ke4 f3 66. Nxg3+ Kf2 67. gxf3 Kxg3 68. f4 Kxh3 69. f5 Kg4 70. f6 Nd7 71. f7 Kg5 72. Kd5 Kf6 73. Kc6 Ke7 74. Kb7 Kxf7 75. Kxa7 Ke7 76. Kb7 Kd8 77. a6 Nc5+ 78. Kb6 Nxa6 1/2-1/2


[Site "https://www.chess.com"]

[Event "Titled Tuesday Blitz August 09 Late 2022"]
[White "Papasimakopoulos, Alexandros"]
[Black "Golubev, Mikhail"]
[WhiteFideId "4244125"]
[BlackFideId "14100983"]
[WhiteElo "2357"]
[BlackElo "2374"]
[Result "1/2-1/2"]
[Round "06"]
[TimeControl "180+1"]
[Date "2022.08.09"]
[WhiteClock "0:01:04"]
[BlackClock "0:00:02"]

1. d4 Nf6 2. c4 g6 3. Nc3 Bg7 4. e4 d6 5. f3 O-O 6. Nge2 a6 7. Be3 b5 8. Nc1 c6 9. Be2 bxc4 10. Bxc4 d5 11. exd5 cxd5 12. Bd3 Nc6 13. O-O e5 14. N1e2 Ng4 15. fxg4 exd4 16. Nxd4 Nxd4 17. Bxg6 Ne6 18. Bc2 d4 19. Qd3 f5 20. gxf5 dxe3 21. fxe6 Qxd3 22. Bxd3 Bxe6 23. Rae1 Rxf1+ 24. Kxf1 Rf8+ 25. Ke2 Rf2+ 26. Kxe3 Rxb2 27. Na4 Rxg2 28. Nc5 Bxa2 29. Nxa6 Rxh2 30. Nb4 Bf7 31. Rb1 Rh3+ 32. Kd2 h5 33. Nc6 Rxd3+ 34. Kxd3 Bg6+ 35. Ke3 Bxb1 36. Kf4 Kh7 37. Kg5 Bg6 38. Ne7 Bh6+ 39. Kh4 Be8 40. Nd5 Bg7 41. Nf4 Bf6+ 42. Kh3 Kh6 43. Nxh5 Kxh5 44. Kg3 Be5+ 45. Kf3 Bc6+ 46. Ke3 Kg4 47. Kd3 Kf4 48. Kc4 Bd6 49. Kd4 Kf3 50. Kc4 Ke4 51. Kc3 Bd5 52. Kd2 Kf3 53. Kd3 Be5 54. Kd2 Kf2 55. Kd3 Kf3 56. Kd2 Bc4 57. Kc2 Ke3 58. Kd1 Bd4 59. Kc2 Ke2 60. Kb1 Kd3 61. Kc1 Bb3 62. Kb1 Bc3 63. Kc1 1/2-1/2


[Site "https://www.chess.com"]

[Event "Titled Tuesday Blitz August 09 Late 2022"]
[White "Premnath, R."]
[Black "Wiewiora, Eneasz"]
[WhiteFideId "5021928"]
[BlackFideId "1140396"]
[WhiteElo "2501"]
[BlackElo "2291"]
[Result "1-0"]
[Round "06"]
[TimeControl "180+1"]
[Date "2022.08.09"]
[WhiteClock "0:00:21"]
[BlackClock "0:00:15"]

1. d4 d6 2. Nf3 g6 3. g3 Bg7 4. Bg2 Nf6 5. O-O O-O 6. c4 Nc6 7. Nc3 Bf5 8. Re1 Ne4 9. Nxe4 Bxe4 10. d5 Bxf3 11. exf3 Nd4 12. f4 c5 13. dxc6 Nxc6 14. Rb1 Rc8 15. b3 Rc7 16. Be3 Qb8 17. Rc1 Rfc8 18. Qd2 b6 19. f5 Ne5 20. fxg6 hxg6 21. Rcd1 b5 22. c5 Rxc5 23. Bxc5 Rxc5 24. h3 Bf6 25. f4 Nc6 26. Rc1 Nd4 27. Rxc5 dxc5 28. Kh2 Qd6 29. Qd3 Qa6 30. a4 c4 31. axb5 cxd3 32. bxa6 Nxb3 33. Rd1 Nc5 34. Bf1 Nxa6 35. Bxd3 Nc5 36. Bc4 Bc3 37. Rd8+ Kg7 38. Rc8 Ne4 39. Bd3 1-0


[Site "https://www.chess.com"]

[Event "Titled Tuesday Blitz August 09 Late 2022"]
[White "Przybylski, Wojciech"]
[Black "Pulpan, Jakub"]
[WhiteFideId "1117599"]
[BlackFideId "302759"]
[WhiteElo "2133"]
[BlackElo "2451"]
[Result "0-1"]
[Round "06"]
[TimeControl "180+1"]
[Date "2022.08.09"]
[WhiteClock "0:00:02"]
[BlackClock "0:00:09"]

1. d4 Nf6 2. g3 d5 3. Bg2 c5 4. Nf3 cxd4 5. Nxd4 Nc6 6. O-O h6 7. c4 e5 8. Nxc6 bxc6 9. Nc3 Be6 10. Qa4 Qd7 11. Rd1 Rd8 12. Be3 Be7 13. Ne4 Nxe4 14. Bxe4 O-O 15. Bg2 d4 16. Bxc6 Qc7 17. Bd2 Rd6 18. Bb5 a6 19. c5 Qxc5 20. Bd3 Qd5 21. b3 Bd7 22. Qc4 Qb7 23. e4 dxe3 24. Bxe3 Bb5 25. Qc2 Rc8 26. Qe2 Rxd3 27. Rxd3 e4 28. Bd4 Bxd3 29. Qg4 f6 30. Qg6 Bf8 31. Be3 Qf7 32. Qf5 Rc2 33. h4 g6 34. Qf4 g5 35. Qf5 Be7 0-1


[Site "https://www.chess.com"]

[Event "Titled Tuesday Blitz August 09 Late 2022"]
[White "Rasulov, Vugar"]
[Black "Luo, Terry"]
[WhiteFideId "13402390"]
[BlackFideId "30931045"]
[WhiteElo "2509"]
[BlackElo "2024"]
[Result "1-0"]
[Round "06"]
[TimeControl "180+1"]
[Date "2022.08.09"]
[WhiteClock "0:02:34"]
[BlackClock "0:02:13"]

1. e4 e5 2. Nf3 Nc6 3. Bc4 Bc5 4. O-O Nf6 5. d4 Bxd4 6. Nxd4 Nxd4 7. f4 d6 8. fxe5 dxe5 9. Bg5 Be6 10. Na3 Qe7 11. c3 Nc6 12. Kh1 Rd8 13. Qf3 h6 14. Bxf6 Qxf6 15. Qxf6 gxf6 16. Bxe6 fxe6 17. Rxf6 Ke7 18. Raf1 Rdf8 19. Rxf8 Rxf8 20. Rxf8 Kxf8 21. Kg1 Ke7 22. Kf2 Kd6 23. Ke3 a5 24. g4 Ne7 25. Nc4+ Kc6 26. Nxe5+ 1-0


[Site "https://www.chess.com"]

[Event "Titled Tuesday Blitz August 09 Late 2022"]
[White "Rosen, Eric"]
[Black "Izoria, Zviad"]
[WhiteFideId "2032562"]
[BlackFideId "13601733"]
[WhiteElo "2362"]
[BlackElo "2626"]
[Result "0-1"]
[Round "06"]
[TimeControl "180+1"]
[Date "2022.08.09"]
[WhiteClock "0:00:10"]
[BlackClock "0:00:20"]

1. d4 d6 2. e4 g6 3. Bc4 Bg7 4. Nf3 Nf6 5. Qe2 Nc6 6. c3 Bg4 7. Bb3 O-O 8. O-O e5 9. Rd1 Qe7 10. d5 Nb8 11. h3 Bd7 12. c4 a5 13. Nc3 Na6 14. Bc2 Nh5 15. Be3 Qe8 16. a3 f5 17. exf5 gxf5 18. Ng5 Nc5 19. b4 axb4 20. axb4 Rxa1 21. Rxa1 Na6 22. Rb1 e4 23. Nb5 Qg6 24. Ne6 Bxe6 25. dxe6 f4 26. Bc1 f3 27. Qf1 Be5 28. g4 Nf4 29. e7 Re8 30. Bxf4 Bxf4 31. Re1 Rxe7 32. Nc3 Qg7 33. Nxe4 Nxb4 34. Bb1 Nc6 35. Qd3 Ne5 36. Qc2 h5 37. g5 Bxg5 38. Ng3 Bf4 39. Kh2 h4 40. Rg1 hxg3+ 41. fxg3 Ng4+ 42. Kh1 Re2 43. gxf4 Rxc2 44. Bxc2 f2 45. Rg2 Ne3 46. Rxg7+ Kxg7 47. Bd3 f1=Q+ 48. Bxf1 Nxf1 49. Kg2 Ne3+ 50. Kf3 Nxc4 51. Ke4 Nb6 52. Kf5 Kf7 53. h4 Nd7 54. h5 Nf6 55. h6 b5 56. Kg5 Nh7+ 57. Kf5 b4 58. Ke4 c5 59. Kd5 Kf6 60. Kxd6 b3 61. Kxc5 b2 62. Kd4 b1=Q 63. Ke3 Qf5 64. Kf3 Kg6 65. Kg3 Kxh6 66. Kh4 Kg6 67. Kg3 Kh5 68. Kf3 Kh4 69. Ke3 Kg4 70. Kf2 Qxf4+ 71. Kg2 Qd2+ 0-1


[Site "https://www.chess.com"]

[Event "Titled Tuesday Blitz August 09 Late 2022"]
[White "Schmakel, Sam"]
[Black "Paravyan, David"]
[WhiteFideId "2039311"]
[BlackFideId "4194985"]
[WhiteElo "2356"]
[BlackElo "2569"]
[Result "1-0"]
[Round "06"]
[TimeControl "180+1"]
[Date "2022.08.09"]
[WhiteClock "0:00:04"]
[BlackClock "0:00:04"]

1. d4 Nf6 2. c4 g6 3. g3 c6 4. Bg2 d5 5. Nf3 Bg7 6. O-O O-O 7. Qb3 Qb6 8. Nc3 Be6 9. c5 Qxb3 10. axb3 Na6 11. Bf4 Ne4 12. Ne5 g5 13. Nxe4 gxf4 14. Ng5 fxg3 15. f4 gxh2+ 16. Kxh2 Bf5 17. Rxa6 bxa6 18. Nxc6 e6 19. Bxd5 exd5 20. Ne7+ Kh8 21. Nxf5 Bf6 22. Rf3 Rae8 23. e3 Rb8 24. e4 Bxg5 25. fxg5 dxe4 26. Re3 Rfd8 27. Nd6 Kg7 28. Kg3 Rxd6 29. cxd6 Rd8 30. Kf4 Rxd6 31. Rxe4 Kg6 32. b4 Rd5 33. Ke3 Rxg5 34. Re7 Rb5 35. Rxa7 Rb6 36. d5 h5 37. Rc7 h4 38. Rc6+ Rxc6 39. dxc6 h3 40. Kf3 h2 41. Kg2 1-0


[Site "https://www.chess.com"]

[Event "Titled Tuesday Blitz August 09 Late 2022"]
[White "Tanenbaum, Zachary"]
[Black "Lorenzo De La Riva, Lazaro"]
[WhiteFideId "2060850"]
[BlackFideId "2268809"]
[WhiteElo "2175"]
[BlackElo "2325"]
[Result "1-0"]
[Round "06"]
[TimeControl "180+1"]
[Date "2022.08.09"]
[WhiteClock "0:02:29"]
[BlackClock "0:01:45"]

1. e4 c6 2. d4 d5 3. exd5 cxd5 4. Bd3 Nc6 5. c3 Qc7 6. Bg5 e6 7. Nf3 Bd6 8. O-O Nge7 9. Bh4 Ng6 10. Bg3 Nf4 11. Bxf4 Bxf4 12. g3 Bd6 13. Nbd2 O-O 14. Re1 f6 15. c4 Re8 16. cxd5 Nb4 17. Bb5 Re7 18. dxe6 Bxe6 19. Rxe6 Rxe6 20. Qb3 Qf7 21. Bc4 Rae8 22. Re1 Rxe1+ 23. Nxe1 Rxe1+ 24. Kg2 Qxc4 25. Nxc4 Bf8 26. Ne5+ Kh8 27. Nf7+ Kg8 28. Nh6+ Kh8 29. Qg8# 1-0


[Site "https://www.chess.com"]

[Event "Titled Tuesday Blitz August 09 Late 2022"]
[White "Vasquez Schroeder, Rodrigo"]
[Black "Claverie, Christophe"]
[WhiteFideId "3400042"]
[BlackFideId "605514"]
[WhiteElo "2567"]
[BlackElo "2300"]
[Result "1-0"]
[Round "06"]
[TimeControl "180+1"]
[Date "2022.08.09"]
[WhiteClock "0:02:28"]
[BlackClock "0:02:28"]

1. e4 c5 2. Nf3 d6 3. d4 cxd4 4. Nxd4 Nf6 5. Nc3 Nc6 6. Bg5 Bd7 7. Qd2 Rc8 8. f4 Nxd4 9. Qxd4 Qa5 10. e5 dxe5 11. fxe5 e6 12. O-O-O Bc6 13. Bb5 Bxb5 14. exf6 Bc6 15. h4 g6 16. Rhe1 Qc5 17. Rxe6+ fxe6 18. f7+ Kxf7 19. Qf6+ Ke8 20. Qxe6+ 1-0


[Site "https://www.chess.com"]

[Event "Titled Tuesday Blitz August 09 Late 2022"]
[White "Wan, Joseph"]
[Black "Taboas Rodriguez, Daniel"]
[WhiteFideId "2069890"]
[BlackFideId "2208466"]
[WhiteElo "2198"]
[BlackElo "2429"]
[Result "1-0"]
[Round "06"]
[TimeControl "180+1"]
[Date "2022.08.09"]
[WhiteClock "0:00:56"]
[BlackClock "0:00:19"]

1. e4 e5 2. Nf3 Nc6 3. Bc4 Nf6 4. d3 Bc5 5. c3 d6 6. Nbd2 a6 7. Bb3 Ba7 8. Nf1 h6 9. Ng3 O-O 10. O-O Be6 11. Bc2 d5 12. Qe2 Re8 13. h3 Qd7 14. Nh4 Bxh3 15. Bxh6 gxh6 16. Qd2 Kh7 17. exd5 Qg4 18. d4+ e4 19. Nhf5 Qg5 20. Qxg5 hxg5 21. dxc6 Bxf5 22. cxb7 Rab8 23. Nxf5 Rxb7 24. b3 c5 25. Nd6 Rbe7 26. Nxe8 Rxe8 27. Rad1 cxd4 28. cxd4 Nd5 29. Rfe1 f5 30. g4 Kg6 31. gxf5+ Kxf5 32. f3 Nc3 33. fxe4+ Kf4 34. Rd2 Nxe4 35. Bxe4 Rxe4 36. Rxe4+ Kxe4 37. Kg2 Bxd4 38. Kg3 Kd5 39. Kg4 Kc5 40. Rc2+ Kb5 41. Kxg5 Be3+ 42. Kf5 Kb4 43. Ke4 Bg1 44. Rc4+ Kb5 45. Kd5 a5 46. Rg4 Bf2 47. a4+ Kb6 48. Rg6+ Kb7 49. Kc4 1-0


[Site "https://www.chess.com"]

[Event "Titled Tuesday Blitz August 09 Late 2022"]
[White "Yanchenko, Roman"]
[Black "Wagner, Dennis"]
[WhiteFideId "4137329"]
[BlackFideId "24650684"]
[WhiteElo "2514"]
[BlackElo "2355"]
[Result "1-0"]
[Round "06"]
[TimeControl "180+1"]
[Date "2022.08.09"]
[WhiteClock "0:01:35"]
[BlackClock "0:00:02"]

1. d4 d5 2. c4 e6 3. Nc3 Bb4 4. Bf4 dxc4 5. e3 b5 6. a4 c6 7. axb5 cxb5 8. Qf3 Qd5 9. Qg3 Nc6 10. Qxg7 Bb7 11. Qxh8 O-O-O 12. Nf3 Nge7 13. Qxh7 Ng6 14. Qxf7 Nxf4 15. Qxf4 Rg8 16. Nd2 Bxc3 17. bxc3 e5 18. Qf5+ Kb8 19. e4 Qd6 20. d5 Nd4 21. cxd4 exd4 22. Bxc4 bxc4 23. Nxc4 Qb4+ 24. Nd2 Rxg2 25. Qe5+ Kc8 26. Rc1+ Kd8 27. Qb8+ 1-0


[Site "https://www.chess.com"]

[Event "Titled Tuesday Blitz August 09 Late 2022"]
[White "Amburgy, Ryan"]
[Black "Alekseenko, Kirill"]
[WhiteFideId "30924820"]
[BlackFideId "4135539"]
[WhiteElo "2066"]
[BlackElo "2682"]
[Result "0-1"]
[Round "07"]
[TimeControl "180+1"]
[Date "2022.08.09"]
[WhiteClock "0:00:02"]
[BlackClock "0:00:14"]

1. d4 d5 2. Nc3 Nf6 3. Bf4 c5 4. e4 cxd4 5. Qxd4 Nc6 6. Bb5 Bd7 7. Bxc6 Bxc6 8. e5 Nd7 9. e6 fxe6 10. Nf3 Qb6 11. Qd2 g6 12. O-O Bg7 13. Be3 Qxb2 14. Bd4 e5 15. Nxd5 exd4 16. Nc7+ Kf7 17. Ng5+ Kg8 18. Nxa8 Qb5 19. Rae1 Bf6 20. Ne6 Qd5 21. Nf4 Qd6 22. g3 Qb8 23. Qb4 Qxa8 24. Qc4+ Kg7 25. Ne6+ Kh6 26. Qd3 Qb8 27. Qd2+ g5 28. Nxd4 Bxd4 29. Qxd4 Qd6 30. Qe3 e5 31. h4 Rg8 32. Rd1 Qe6 33. f4 gxf4 34. Rxf4 Kg7 35. Rf2 Kh8 36. Rdf1 Qd5 37. Kh2 Nf6 38. Kh3 Bd7+ 39. Rf5 Bxf5+ 40. Rxf5 Qh1# 0-1


[Site "https://www.chess.com"]

[Event "Titled Tuesday Blitz August 09 Late 2022"]
[White "Andreikin, Dmitry"]
[Black "Salem, A.R. Saleh"]
[WhiteFideId "4158814"]
[BlackFideId "9301348"]
[WhiteElo "2736"]
[BlackElo "2674"]
[Result "1-0"]
[Round "07"]
[TimeControl "180+1"]
[Date "2022.08.09"]
[WhiteClock "0:00:02"]
[BlackClock "0:00:02"]

1. d4 d5 2. c4 e6 3. Nf3 Nf6 4. g3 Bb4+ 5. Nbd2 O-O 6. Bg2 b6 7. O-O Bb7 8. cxd5 exd5 9. Ne5 Re8 10. a3 Bd6 11. Ndc4 Bf8 12. Bg5 c6 13. Ne3 h6 14. Bxf6 Qxf6 15. f4 Qd8 16. Nf5 Nd7 17. e4 dxe4 18. Bxe4 Nf6 19. Bg2 Qc8 20. Bh3 Qd8 21. Qb3 Qd5 22. Qxd5 Nxd5 23. Bg2 Rad8 24. Rfe1 g6 25. Nh4 c5 26. dxc5 Bxc5+ 27. Kh1 Bd4 28. Rab1 Bxe5 29. fxe5 Bc8 30. Rbd1 Nc7 31. Bc6 Bg4 32. Bf3 Bh3 33. Ng2 Rxd1 34. Bxd1 g5 35. Bb3 Kg7 36. Kg1 Rd8 37. Rd1 Re8 38. Re1 Ne6 39. Kf2 Nc5 40. Bc2 a5 41. Re2 Kf8 42. Ne1 Bg4 43. Nf3 Nd7 44. Ba4 Bxf3 45. Bxd7 Bxe2 46. Bxe8 Bc4 47. Bc6 Ke7 48. Ke3 Ke6 49. Kd4 Bb3 50. Be4 Ke7 51. Bf5 Ba2 52. Be4 Bb3 53. Bd5 Bc2 54. Kc4 Ba4 55. Be4 Bd7 56. Kd5 Bb5 57. Kd4 f6 58. Bf5 Bc6 59. b4 axb4 60. axb4 Bb7 61. Be4 Bc8 62. Bd5 Bd7 63. h4 gxh4 64. gxh4 Bc8 65. Ke4 Bd7 66. Kf4 Bc8 67. Be4 Bd7 68. Bg6 Bc8 69. Bd3 Bd7 70. Bc4 Bc8 71. Bb5 Be6 72. Bc6 Bc8 73. Ke4 Be6 74. Kd4 Bf7 75. Be4 Be6 76. Bf3 Bf7 77. Bd5 Be8 78. Be4 Bf7 79. Bf3 Be6 80. Be2 Bf7 81. Bd3 Be6 82. Be4 Bf7 83. Bd5 Be8 84. Bb3 Bc6 85. Bc2 Bb7 86. Bd3 Bc6 87. Bc4 Bb7 88. Bd5 Bc8 89. Ke4 Bd7 90. Kf4 Bc8 91. Be4 Be6 92. Bf5 Bf7 93. Bg4 Bg6 94. Bf3 Bh7 95. Be4 Bg8 96. Kf5 Bh7+ 97. Kf4 Bg8 98. Bd3 Be6 99. Bf5 Bg8 100. Ke4 Bf7 101. Kd4 Bg8 102. Be4 Be6 103. Bd5 Bd7 104. Bc4 Bc6 105. Bd3 Bb7 106. Bf5 Bc6 107. Be4 Bd7 108. Kd5 Be8 109. exf6+ Kxf6 110. Kd6 h5 111. Bd3 Ba4 112. Kc7 b5 113. Kc6 Ke5 114. Bxb5 Bd1 115. Bc4 Kd4 116. Bf7 1-0


[Site "https://www.chess.com"]

[Event "Titled Tuesday Blitz August 09 Late 2022"]
[White "Barria Zuniga, Daniel"]
[Black "Hambleton, Aman"]
[WhiteFideId "3400816"]
[BlackFideId "2606577"]
[WhiteElo "2414"]
[BlackElo "2538"]
[Result "0-1"]
[Round "07"]
[TimeControl "180+1"]
[Date "2022.08.09"]
[WhiteClock "0:00:01"]
[BlackClock "0:00:03"]

1. d4 Nf6 2. c4 e6 3. Nf3 b6 4. g3 Ba6 5. Qc2 Bb7 6. Bg2 Bb4+ 7. Nbd2 Be4 8. Qd1 Bxd2+ 9. Qxd2 O-O 10. O-O d6 11. b3 Nbd7 12. Bb2 Qb8 13. Rfe1 b5 14. Bf1 h6 15. Nh4 bxc4 16. bxc4 Nb6 17. Rac1 d5 18. f3 Bh7 19. e3 Nxc4 20. Bxc4 dxc4 21. Rxc4 Rd8 22. Rec1 Rd7 23. e4 Qb6 24. Ng2 Rb8 25. Ba1 Rbd8 26. Ne3 Bg6 27. Qc2 Ne8 28. Rb1 Qd6 29. Rb7 a6 30. Qc3 Qe7 31. e5 Qg5 32. Bb2 h5 33. Kf2 h4 34. Ng2 hxg3+ 35. hxg3 Qh6 36. Nh4 Bh7 37. Bc1 Qh5 38. Be3 g5 39. Ng2 Ng7 40. g4 Qh2 41. Rcxc7 Rxc7 42. Qxc7 Rf8 43. Qe7 Bd3 44. Qxg5 Bg6 45. Rc7 Rb8 46. Bd2 Ne8 47. Re7 Ng7 0-1


[Site "https://www.chess.com"]

[Event "Titled Tuesday Blitz August 09 Late 2022"]
[White "Bjelobrk, Igor"]
[Black "Vasquez Schroeder, Rodrigo"]
[WhiteFideId "4300726"]
[BlackFideId "3400042"]
[WhiteElo "2335"]
[BlackElo "2567"]
[Result "0-1"]
[Round "07"]
[TimeControl "180+1"]
[Date "2022.08.09"]
[WhiteClock "0:00:15"]
[BlackClock "0:00:13"]

1. Nf3 c5 2. c4 Nf6 3. d4 e6 4. g3 cxd4 5. Nxd4 d5 6. Bg2 e5 7. Nf3 d4 8. O-O Nc6 9. e3 Be7 10. exd4 exd4 11. Bf4 Be6 12. Qb3 Qb6 13. Nbd2 O-O 14. Rfe1 h6 15. Ne5 Rac8 16. a3 Rfd8 17. Rac1 Nd7 18. Nd3 g5 19. Be5 Qxb3 20. Nxb3 Ndxe5 21. Nxe5 Nxe5 22. Rxe5 Bf6 23. Rc5 d3 24. Rxc8 Rxc8 25. Bxb7 Rb8 26. Nc5 Bxb2 27. Rd1 Bxc4 28. Be4 Bxa3 29. Nxd3 Rd8 30. Ra1 Bxd3 31. Rd1 Bxe4 32. Rxd8+ Kg7 33. Rd4 Bc6 34. Rc4 Be8 35. Rc8 Kf8 36. Rc7 a5 37. Ra7 Bb4 38. f3 Bb5 39. Kg2 Kg7 40. Kh3 Bc4 41. f4 Kg6 42. Kg4 f5+ 43. Kf3 g4+ 44. Kg2 Bd5+ 45. Kf1 Bc4+ 46. Kg2 h5 47. h4 gxh3+ 48. Kxh3 Be2 49. Kh2 Kf6 50. Kh3 Ke6 51. Rc7 Bg4+ 52. Kh2 Kd6 53. Rc8 Kd5 54. Kg2 a4 55. Kf2 a3 56. Ke3 Bc5+ 57. Kd3 Bf3 58. Ra8 Be4+ 59. Kc3 Kd6 60. Kc4 Bxa8 0-1


[Site "https://www.chess.com"]

[Event "Titled Tuesday Blitz August 09 Late 2022"]
[White "Clarke, Brandon G I"]
[Black "Yanchenko, Roman"]
[WhiteFideId "400319"]
[BlackFideId "4137329"]
[WhiteElo "2414"]
[BlackElo "2514"]
[Result "0-1"]
[Round "07"]
[TimeControl "180+1"]
[Date "2022.08.09"]
[WhiteClock "0:00:04"]
[BlackClock "0:00:21"]

1. e4 e6 2. d4 d5 3. e5 c5 4. c3 Qb6 5. Nf3 Bd7 6. Bd3 Bb5 7. dxc5 Bxc5 8. b4 Bxd3 9. Qxd3 Bf8 10. a4 Ne7 11. a5 Qc7 12. O-O Ng6 13. Re1 Nc6 14. Qe2 Be7 15. Na3 a6 16. Nc2 Rc8 17. Bd2 O-O 18. Ncd4 Nxd4 19. Nxd4 Qc4 20. Qe3 h5 21. g3 Bd8 22. Qf3 h4 23. Qh5 Re8 24. Ra3 b5 25. Kg2 Qd3 26. Qe2 Qxe2 27. Rxe2 Rc4 28. f4 hxg3 29. hxg3 Ne7 30. Nb3 Bc7 31. Nc5 Ra8 32. Be3 Nc6 33. Rd2 Bd8 34. Kf3 Be7 35. Nb3 Rxc3 36. Ke2 Bxb4 37. Nd4 Nxd4+ 38. Rxd4 Bxa3 0-1


[Site "https://www.chess.com"]

[Event "Titled Tuesday Blitz August 09 Late 2022"]
[White "Csonka, Balazs"]
[Black "Blanco Ronquillo, Humberto L."]
[WhiteFideId "742910"]
[BlackFideId "3504239"]
[WhiteElo "2404"]
[BlackElo "2425"]
[Result "0-1"]
[Round "07"]
[TimeControl "180+1"]
[Date "2022.08.09"]
[WhiteClock "0:00:10"]
[BlackClock "0:01:19"]

1. d4 d5 2. Nf3 Nf6 3. c4 c6 4. e3 Bf5 5. cxd5 cxd5 6. Qb3 Qc7 7. Bd2 Nc6 8. Bb5 e6 9. O-O Bd6 10. Rc1 O-O 11. Nc3 Rfc8 12. Na4 Ne4 13. Be1 Bg4 14. h3 Bxf3 15. gxf3 Ng5 16. Kg2 h5 17. Nc5 Rab8 18. Qa4 Qe7 19. Be2 e5 20. Nb3 e4 21. f4 Nf3 22. Nd2 Nh4+ 23. Kf1 Qe6 24. Bxh5 Qxh3+ 25. Ke2 Nf5 26. Bxf7+ Kxf7 27. Qb5 Ncxd4+ 28. exd4 Nxd4+ 0-1


[Site "https://www.chess.com"]